 Dungeon Crawl Stone Soup version 0.31-a0-233-g139696dc86 (webtiles) character file.

Game seed: 2452373587814026224

107 qw the Shooter (level 4, -9/36 HPs)
             Began as a Minotaur Hexslinger on July 7, 2023.
             Mangled by an orc
             ... wielding a +2 hand axe of electrocution
              (12 damage)
             ... on level 3 of the Dungeon.
             The game lasted 00:00:44 (1875 turns).

qw the Shooter (Minotaur Hexslinger)                Turns: 1875, Time: 00:00:44

Health: -9/36      AC:  5    Str: 13    XL:     4   Next: 57%
Magic:  4/4        EV: 11    Int: 10    God:
Gold:   59         SH:  0    Dex: 14    Spells: 4/5 levels left

rFire   . . .        Y - +1 sling
rCold   . . .        (no shield)
rNeg    + . .        g - +0 ring mail
rPois   .            (helmet restricted)
rElec   .            (no cloak)
rCorr   .            (no gloves)
SInv    .            (no boots)
Will    .....        (no amulet)
Stlth   +            f - ring of positive energy
HPRegen 0.26/turn    (no ring)
MPRegen 0.09/turn

%: no passive effects
@: no status effects
A: horns 2, retaliatory headbutt
a: no special abilities


You were on level 3 of the Dungeon.
You visited 1 branch of the dungeon, and saw 3 of its levels.

You collected 59 gold pieces.


Innate Abilities, Weirdness & Mutations

You have a pair of horns on your head.
You reflexively headbutt those who attack you in melee.


   Skills:
 - Level 2.0 Fighting
 + Level 4.9 Ranged Weapons
 - Level 1.2 Armour
 - Level 2.1 Dodging
 - Level 1.0 Spellcasting
 - Level 2.0 Hexes


You had 4 spell levels left.
You knew the following spells:

 Your Spells              Type           Power      Damage    Failure   Level
a - Slow                  Hex            16%        N/A       32%         1

Your spell library contained the following spells:

 Spells                   Type           Power      Damage    Failure   Level
 Inner Flame              Hex/Fire       2%         N/A       82%         3
 Portal Projectile        Hex/Tloc       4%         N/A       82%         3
 Cause Fear               Hex            2%         N/A       97%         4

Inventory:

Hand Weapons
 Y - a +1 sling (weapon)
Armour
 g - a +0 ring mail (worn)
Jewellery
 f - a ring of positive energy (left hand)
Scrolls
 a - a scroll of fear {unknown}
 h - a scroll of blinking {unknown}
Potions
 b - a potion of degeneration {unknown}
 c - a potion of brilliance {unknown}
 d - a potion of might {unknown}
 e - a potion of curing

Dungeon Overview and Level Annotations

Branches:
Dungeon (3/15)

Altars:
Kikubaaqudgha

Shops:
D:2 =


Message History

You shoot a sling bullet. The sling bullet hits the orc priest.
The orc priest is lightly wounded.
You shoot a sling bullet. The sling bullet hits the orc priest.
The orc priest is moderately wounded.
An orc comes into view.
It is wielding a +2 hand axe of electrocution.
The orc priest invokes the aid of Beogh against you.
Beogh smites you!
You shoot a sling bullet. The orc shouts!
The sling bullet hits the orc priest.
The orc priest is severely wounded.
An orc comes into view. It is wielding a +0 hand axe.
You shoot a sling bullet.
The sling bullet barely misses the orc priest.
You shoot a sling bullet.
The sling bullet hits the orc but does no damage.
The orc priest invokes the aid of Beogh against you.
Beogh smites you!
You shoot a sling bullet. The sling bullet hits the orc!
You kill the orc!
You shoot a sling bullet.
The sling bullet closely misses the orc priest.
The sling bullet hits the orc but does no damage.
The orc priest calls down the wrath of Beogh upon you.
Beogh smites you!
The orc priest mumbles some strange prayers to Beogh against you.
You barely resist. You shoot a sling bullet.
The sling bullet closely misses the orc priest.
The orc barely misses you. The orc priest misses you.
You shoot a sling bullet.
The sling bullet barely misses the orc priest.
The orc hits you with a +0 hand axe.
The orc priest hits you with a +0 short sword.
You shoot a sling bullet. The sling bullet hits the orc priest.
The orc priest is almost dead.
The orc hits you with a +0 hand axe.
The orc hits you with a +2 hand axe of electrocution.
You are electrocuted!
You die...

#....#.### ##...#..#
##.....### #......#
######### #......##
#...#...###.......#...
###......###..........
###...........######
###@......###...
......ooo...###.....
....................
.###................
###.........#####
###.._..### #######


You could see an orc priest and 2 orcs.

Vanquished Creatures
  5 adders (D:2)
  A worm (D:2)
  An orc (D:3)
  6 ball pythons
  6 bats
  8 endoplasms
  3 giant cockroaches
  9 goblins
  6 hobgoblins
  3 kobolds
  A frilled lizard (D:1)
  4 rats
53 creatures vanquished.

Notes
Turn   | Place    | Note
-------+----------+-------------------------------------------
     0 | D:1      | qw the Minotaur Hexslinger began the quest for the Orb.
     0 | D:1      | Reached XP level 1. HP: 16/16 MP: 1/1
     0 | D:1      | 0 ||| qw: Version: 0.3-a-46-gb1f654a
     0 | D:1      | 0 ||| qw: Game counter: 3179
     0 | D:1      | 0 ||| qw: Melee chars always use a shield: true
     0 | D:1      | 0 ||| qw: God list: Okawaru
     0 | D:1      | 0 ||| qw: Allow faded altars: false
     0 | D:1      | 0 ||| qw: Do Orc after clearing Dungeon:15 true
     0 | D:1      | 0 ||| qw: Do second Lair branch before Depths: true
     0 | D:1      | 0 ||| qw: Lair rune preference: random
     0 | D:1      | 0 ||| qw: Goals: Normal
     0 | D:1      | 0 ||| PLANNING D:1-11
   215 | D:1      | Reached skill level 3 in Ranged Weapons
   215 | D:1      | Reached XP level 2. HP: 23/23 MP: 2/2
   784 | D:1      | 784 ||| UPGRADING to +0 ring mail.
   794 | D:1      | 794 ||| DROPPING +0 robe.
   795 | D:1      | 795 ||| UPGRADING to ring of positive energy.
   796 | D:1      | 796 ||| READING scroll labelled HOFEAC ESOF.
   800 | D:1      | 800 ||| READING scroll labelled KIUCKU ESUUD.
   801 | D:1      | 801 ||| DROPPING scroll of poison.
   848 | D:2      | Found Gusesuas's Jewellery Shop.
   854 | D:2      | Reached XP level 3. HP: 28/29 MP: 3/3
   859 | D:2      | 859 ||| SHOPLISTING +4 ring of slaying (780 gold, have 12).
   859 | D:2      | 859 ||| SHOPLISTING +6 ring of dexterity (360 gold, have
                  | 12).
   859 | D:2      | 859 ||| SHOPLISTING amulet of regeneration (300 gold, have
                  | 12).
   859 | D:2      | 859 ||| SHOPLISTING amulet of the acrobat (300 gold, have
                  | 12).
   859 | D:2      | 859 ||| SHOPLISTING ring of positive energy (200 gold, have
                  | 12).
   974 | D:2      | Found an ancient bone altar of Kikubaaqudgha.
  1016 | D:2      | Reached skill level 4 in Ranged Weapons
  1124 | D:2      | Reached skill level 1 in Armour
  1190 | D:2      | HP: 6/29 [frozen (3)]
  1191 | D:2      | HP: 1/29 [worm (6)]
  1385 | D:2      | Reached XP level 4. HP: 16/36 MP: 4/4
  1742 | D:2      | 1742 ||| READING scroll labelled QENYCVUV AFUGG.
  1743 | D:2      | 1743 ||| DRINKING 2 glowing blue potions.
  1772 | D:3      | 1772 ||| PLANNING SEWER
  1778 | D:3      | 1778 ||| STAIRDANCE
  1846 | D:3      | Found a faded altar of an unknown god.
  1874 | D:3      | HP: 8/36 [orc priest/+0 short sword (2)]
  1875 | D:3      | HP: 3/36 [orc/+2 hand axe of electrocution (2)]
  1875 | D:3      | Mangled by an orc

Levels and vault maps discovered:
D:1:      matt_arrival_grand_opening, layout_loops_cross, roderic_lattice_a
D:2:      minmay_inner_zag, layout_rooms, basic_altar, serial_shops,
          nicolae_shop_tiny_statue_garden
D:3:      gammafunk_steamed_eel, layout_rooms, makhleb_altar_promises_db,
          jmf_multi_god_temple2, hellmonk_ecumenical_altar_zigzags,
          portal_sewer_entry_d, serial_shops, nicolae_lakefront_shop

Skill      XL: |  1  2  3 |
---------------+----------+-----
Ranged Weapons | 3 4 |  4.9
Fighting       | 2 |  2.0
Armour         | 1 |  1.2
Dodging        | |  2.1
Spellcasting   | |  1.0
Hexes          | |  2.0

Action                     |  1- 3 |  4- 6 || total
---------------------------+-------+-------++-------
   Fire: Sling             |   134 |    42 ||   176
    Use: Scroll            |     2 |     1 ||     3
         Potion            |       |     1 ||     1
 Armour: Robe              |     1 |       ||     1
         Ring mail         |    13 |    10 ||    23
  Dodge: Dodged            |    38 |    13 ||    51

Table legend:
 A = Non-vault XP
 B = Vault XP
 C = Vault XP percentage of total XP
 D = Non-vault monster count
 E = Vault monster count
 F = Vault count percentage of total count
                 A         B        C        D         E       F
            +---------+---------+-------+---------+---------+-------
      Total |     114 |      40 |  26.0 |      46 |       7 |  13.2
            +---------+---------+-------+---------+---------+-------
        D:1 |      34 |       0 |   0.0 |      20 |       0 |   0.0
        D:2 |      65 |      40 |  38.1 |      18 |       7 |  28.0
        D:3 |      15 |       0 |   0.0 |       8 |       0 |   0.0
            +---------+---------+-------+---------+---------+-------
